 Dungeon Crawl Stone Soup version 0.31-a0-150-g89dc3ad700 (webtiles) character file.

Game seed: 6925478017490407458

36 qw the Shooter (level 3, -3/31 HPs)
             Began as a Minotaur Hunter on June 8, 2023.
             Slain by Sigmund
             ... wielding a +0 scythe
              (10 damage)
             ... on level 2 of the Dungeon.
             The game lasted 00:00:17 (722 turns).

qw the Shooter (Minotaur Hunter)                     Turns: 722, Time: 00:00:18

Health: -3/31      AC:  3    Str: 21    XL:     3   Next: 19%
Magic:  2/2        EV: 12    Int:  6    God:
Gold:   76         SH:  0    Dex: 15    Spells: 2/2 levels left

rFire   . . .        a - +0 shortbow
rCold   . . .        (shield currently unavailable)
rNeg    . . .        c - +0 leather armour
rPois   .            (helmet restricted)
rElec   .            (no cloak)
rCorr   .            (no gloves)
SInv    .            (no boots)
Will    .....        (no amulet)
Stlth   +            e - +6 ring of strength
HPRegen 0.25/turn    (no ring)
MPRegen 0.08/turn

%: no passive effects
@: no status effects
A: horns 2, retaliatory headbutt
a: no special abilities


You were on level 2 of the Dungeon.
You visited 1 branch of the dungeon, and saw 2 of its levels.

You collected 76 gold pieces.


Innate Abilities, Weirdness & Mutations

You have a pair of horns on your head.
You reflexively headbutt those who attack you in melee.


   Skills:
 - Level 3.0 Fighting
 + Level 5.3 Ranged Weapons
 - Level 2.1 Dodging
 - Level 0.7 Stealth


You had 2 spell levels left.
You didn't know any spells.
Your spell library was empty.

Inventory:

Hand Weapons
 a - a +0 shortbow (weapon)
Armour
 c - a +0 leather armour (worn)
Jewellery
 e - a +6 ring of strength (left hand)
Potions
 d - a potion of lignification {unknown}
 f - a potion of curing {unknown}

Dungeon Overview and Level Annotations

Branches:
Dungeon (2/15)

Altars:

Annotations:
D:2 Sigmund


Message History

You climb downwards.
There is a stone staircase leading up here.
A rat is nearby!
Waypoint 1 assigned to D:2.
You shoot an arrow. The arrow hits the rat.
You kill the rat!
Found a stone staircase leading up.
A hobgoblin comes into view.
The hobgoblin shouts!
You shoot an arrow. The arrow barely misses the hobgoblin.
Sigmund the Dreaded comes into view.
He is wielding a +0 scythe.
You shoot an arrow. The arrow barely misses the hobgoblin.
Sigmund mumbles some strange words.
Sigmund flickers and vanishes!
Deactivating autopickup; reactivate with Ctrl-A.
You shoot an arrow. The arrow hits the hobgoblin.
You kill the hobgoblin!
You shoot an arrow. You shoot an arrow. You shoot an arrow. Something hits you!
You shoot an arrow. You shoot an arrow.
You hear some strange, mumbled words.
A puff of flame appears from out of thin air!
The puff of flame misses you.
You shoot an arrow. Something hits you!
You shoot an arrow. You shoot an arrow. Something hits you!
You shoot an arrow. Something hits you.
You shoot an arrow. Something barely misses you.
You shoot an arrow. You shoot an arrow. Something hits you but does no damage.
You shoot an arrow. Something hits you!
You die...

... ... #.##
#..##
###%..######
..{..<.....
#....%.#
#@...#.#
##.#.#.#
#.#.#.#
#....<#
###.### #.#
#.# #.# #.#


There were no monsters in sight!

Vanquished Creatures
  A gnoll (D:1)
  A bat (D:1)
  A giant cockroach (D:1)
  2 goblins (D:1)
  4 hobgoblins
  2 jackals (D:1)
  5 ball pythons (D:1)
  4 frilled lizards (D:1)
  2 kobolds (D:1)
  5 rats
27 creatures vanquished.

Notes
Turn   | Place    | Note
-------+----------+-------------------------------------------
     0 | D:1      | qw the Minotaur Hunter began the quest for the Orb.
     0 | D:1      | Reached XP level 1. HP: 18/18 MP: 0/0
     0 | D:1      | 0 ||| qw: Version: 0.2-a-119-g0488c42
     0 | D:1      | 0 ||| qw: Game counter: 2704
     0 | D:1      | 0 ||| qw: Always use a shield: true
     0 | D:1      | 0 ||| qw: God list: Okawaru
     0 | D:1      | 0 ||| qw: Allow faded altars: false
     0 | D:1      | 0 ||| qw: Do Orc after D:15 true
     0 | D:1      | 0 ||| qw: Do second Lair branch before Depths: true
     0 | D:1      | 0 ||| qw: Lair rune preference: random
     0 | D:1      | 0 ||| qw: Plans: Normal
     0 | D:1      | 0 ||| PLANNING D:1-11
    17 | D:1      | Reached XP level 2. HP: 25/25 MP: 1/1
    28 | D:1      | Reached skill level 5 in Ranged Weapons
   271 | D:1      | Reached skill level 3 in Fighting
   435 | D:1      | Reached XP level 3. HP: 31/31 MP: 2/2
   625 | D:1      | 625 ||| UPGRADING to +6 ring of strength.
   626 | D:1      | 626 ||| DROPPING scroll of butterflies.
   707 | D:2      | Noticed Sigmund
   718 | D:2      | HP: 6/31 [something (6)]
   722 | D:2      | Slain by Sigmund

Levels and vault maps discovered:
D:1:      tarquinn_simple_flora_water_d, layout_loops_cross, st_stairs_6
D:2:      layout_loops_corners, serial_shops, shop, chequers_garden,
          uniq_sigmund, uniq_crazy_yiuf_cottage

Skill      XL: |  1  2 |
---------------+-------+-----
Ranged Weapons | 5 |  5.3
Fighting       | 3 |  3.0
Dodging        | |  2.1
Stealth        | |  0.7

Action                     || total
---------------------------++-------
   Fire: Shortbow          ||    80
 Armour: Leather armour    ||     6
  Dodge: Dodged            ||    15

Table legend:
 A = Non-vault XP
 B = Vault XP
 C = Vault XP percentage of total XP
 D = Non-vault monster count
 E = Vault monster count
 F = Vault count percentage of total count
                 A         B        C        D         E       F
            +---------+---------+-------+---------+---------+-------
      Total |      49 |       3 |   5.8 |      25 |       2 |   7.4
            +---------+---------+-------+---------+---------+-------
        D:1 |      46 |       3 |   6.1 |      23 |       2 |   8.0
        D:2 |       3 |       0 |   0.0 |       2 |       0 |   0.0
            +---------+---------+-------+---------+---------+-------
